 Dungeon Crawl Stone Soup version 0.25-a0-1130-g3926558f3a (webtiles) character file.

Game seed: 709720137271944106, levelgen mode: deterministic

114 Flugslaktarn the Covered (level 4, -17/41 HPs)
             Began as a Minotaur Fighter on May 19, 2020.
             Demolished by an ogre
             ... wielding a +0 giant club
              (24 damage)
             ... on level 4 of the Dungeon.
             The game lasted 00:00:35 (1052 turns).

Flugslaktarn the Covered (Minotaur Fighter)         Turns: 1052, Time: 00:00:36

Health: -17/41     AC:  7    Str: 21    XL:     4   Next: 66%
Magic:  3/3        EV:  7    Int:  5    God:
Gold:   86         SH:  9    Dex: 10    Spells: 3/3 levels left

rFire    . . .     SeeInvis .   a - +0 war axe
rCold    . . .     Gourm    .   c - +0 kite shield
rNeg     . . .     Faith    .   b - +0 scale mail
rPois    .         Spirit   .   (helmet restricted)
rElec    .         Reflect  .   (no cloak)
rCorr    .         Harm     .   (no gloves)
MR       .....                  (no boots)
Stlth    ..........             (no amulet)
HPRegen  0.13/turn              (no ring)
MPRegen  0.08/turn              (no ring)

@: no status effects
A: retaliatory headbutt, horns 2
a: no special abilities


You were on level 4 of the Dungeon.
You were not hungry.

You visited 1 branch of the dungeon, and saw 4 of its levels.

You collected 86 gold pieces.

Inventory:

Hand Weapons
 a - a +0 war axe (weapon)
Armour
 b - a +0 scale mail (worn)
 c - a +0 kite shield (worn)
Scrolls
 g - a scroll of identify {unknown}
Potions
 d - a potion of might
 f - 2 potions of degeneration {unknown}
Comestibles
 e - 4 rations


   Skills:
 + Level 4.3 Fighting
 * Level 4.2 Axes
 + Level 4.3 Armour
 + Level 4.3 Shields


You had 3 spell levels left.
You didn't know any spells.
Your spell library was empty.

Dungeon Overview and Level Annotations

Branches:
Dungeon (4/15)
 Temple: D:4-7

Altars:

Shops:
D:4 [!


Innate Abilities, Weirdness & Mutations

You reflexively headbutt those who attack you in melee.
You have a pair of horns on your head.


Message History

The ogre shouts!
Found a ration.
There is an open door here.
An ogre is nearby!
You see here 10 stones.
The ogre hits you with a +0 giant club!!
Your shield and scale mail prevent you from hitting the ogre.
The ogre hits you with a +0 giant club!
* * * LOW HITPOINT WARNING * * *
You are too injured to fight recklessly!
You are too injured to fight recklessly!
You are too injured to fight recklessly!
You are too injured to fight recklessly!
There is an open door here.
There is a stone staircase leading up here.
Found a scroll labeled SASIQI LIDOWUO.
Your shield and scale mail prevent you from hitting the ogre.
The ogre hits you with a +0 giant club!!
Ouch! That really hurt!
You die...

#..(.#.<...........#
#....#.............#
#.....#.............#
'.....'.............#
##....#.............#
#....#.............#
.....#.............#
......#........O....#
##+####.........@...#
.........?.....#
...............#
...#########...# ..
P..# P..# ...# P..+


You could see an ogre.

Vanquished Creatures
  A worker ant zombie (D:3)
  A howler monkey skeleton (D:3)
  4 gnolls
  4 adders
  2 leopard geckos (D:3)
  3 hobgoblins (D:3)
  2 kobolds (D:3)
  A quokka (D:4)
  A bat (D:3)
  A goblin (D:3)
  A leopard gecko zombie (D:3)
  2 rats
23 creatures vanquished.

Notes
Turn   | Place    | Note
-------+----------+-------------------------------------------
     0 | D:1      | Flugslaktarn the Minotaur Fighter began the quest for the
                  | Orb.
     0 | D:1      | Reached XP level 1. HP: 19/19 MP: 0/0
    58 | D:3      | Reached XP level 2. HP: 22/27 MP: 1/1
   209 | D:2      | Reached XP level 3. HP: 9/33 MP: 2/2
   754 | D:3      | Reached XP level 4. HP: 31/40 MP: 3/3
   831 | D:4      | Found Potwat's Distillery.
   971 | D:4      | Found Buuliown's Antique Armour Boutique.
  1034 | D:4      | Noticed an ogre
  1052 | D:4      | Demolished by an ogre

Illustrated notes

Levels and vault maps discovered:
D:1:      nzn_arrival_water_spiral, layout_loops_ring
D:2:      minmay_inner_zag, layout_loops_cross, lemuel_crystal_altar,
          vehumet_crystals
D:3:      layout_rooms, first_ration, serial_undead, serial_undead_b,
          serial_undead_e, serial_undead_d, serial_undead_b, dk_noncrumbling_3,
          st_stairs_5
D:4:      layout_gridville, kiku_gazebo_garden_becter,
          minmay_temple_entry_purple_smoke, serial_shops, shop,
          nicolae_shop_statue_plus, shop, nicolae_shop_waterfront, shop_coins,
          st_stairs_3, nrook_mini_backslash, uniq_sigmund

Skill      XL: |  1  2  3  4 |
---------------+-------------+-----
Axes           | 3 4 |  4.2
Fighting       | 4 |  4.3
Armour         | 4 |  4.3
Shields        | 4 |  4.3

Action                   |  1- 3 |  4- 6 || total
-------------------------+-------+-------++-------
Melee: War axe           |    30 |    22 ||    52
       Headbutt          |     3 |     5 ||     8
Armor: Scale mail        |    21 |     6 ||    27
Dodge: Dodged            |    18 |    13 ||    31
Block: Kite shield       |    22 |     9 ||    31

Table legend:
 A = Non-vault XP
 B = Vault XP
 C = Vault XP percentage of total XP
 D = Non-vault monster count
 E = Vault monster count
 F = Vault count percentage of total count
                 A         B        C        D         E       F
            +---------+---------+-------+---------+---------+-------
      Total |     115 |      48 |  29.4 |      18 |       5 |  21.7
            +---------+---------+-------+---------+---------+-------
        D:2 |      28 |       0 |   0.0 |       3 |       0 |   0.0
        D:3 |      85 |      48 |  36.1 |      14 |       5 |  26.3
        D:4 |       2 |       0 |   0.0 |       1 |       0 |   0.0
            +---------+---------+-------+---------+---------+-------
